 Dungeon Crawl Stone Soup version 0.26.0-11-g8f856b5395 (webtiles) character file.

Game seed: 7740711434854608324

792 Kejsarherre the Blocker (level 8, -2/62 HPs)
             Began as a Formicid Fighter on Jan 15, 2021.
             Slain by an ogre
             ... wielding a +0 giant club
              (24 damage)
             ... on level 4 of the Dungeon.
             The game lasted 00:06:01 (2280 turns).

Kejsarherre the Blocker (Formicid Fighter)          Turns: 2280, Time: 00:06:02

Health: -2/62      AC: 12    Str: 19 (21) XL:     8   Next: 12%
Magic:  8/8        EV:  9    Int:  9 (10) God:
Gold:   87         SH: 11    Dex: 10      Spells: 7/7 levels left

rFire    . . .     SeeInvis +   a - +0 long sword
rCold    . . .     Faith    .   c - +0 kite shield
rNeg     . . .     Spirit   .   b - +0 scale mail
rPois    .         Reflect  .   (helmet unavailable)
rElec    .         Harm     .   (no cloak)
rCorr    .         Rampage  .   n - +1 pair of gloves
Will     .....                  e - +2 pair of boots
Stlth    ..........             (no amulet)
HPRegen  0.20/turn              (no ring)
MPRegen  0.11/turn              (no ring)

@: no status effects
A: permanent stasis, dig shafts and tunnels, four strong arms, antennae 3
a: Dig, Shaft Self


You were on level 4 of the Dungeon.
You visited 1 branch of the dungeon, and saw 5 of its levels.

You collected 87 gold pieces.

Inventory:

Hand Weapons
 a - a +0 long sword (weapon)
Armour
 b - a +0 scale mail (worn)
 c - a +0 kite shield (worn)
 e - a +2 pair of boots (worn)
 n - a +1 pair of gloves (worn)
Scrolls
 h - a scroll of magic mapping {unknown}
 i - a scroll of enchant armour {unknown}
 k - a scroll of fog
 l - a scroll of vulnerability {unknown}
 m - a scroll of identify {unknown}
Potions
 d - 2 potions of heal wounds {unknown}
 j - a potion of magic {unknown}


   Skills:
 + Level 5.1 Fighting
 + Level 4.0 Long Blades
 - Level 3.2 Armour
 - Level 9.0 Shields


You had 7 spell levels left.
You didn't know any spells.
Your spell library was empty.

Dungeon Overview and Level Annotations

Branches:
Dungeon (5/15)
 Temple: D:4-7

Altars:
Vehumet

Annotations:
D:5 Dowan, Duvessa


Innate Abilities, Weirdness & Mutations

You cannot be hasted, slowed, berserked, paralysed or teleported.
You can dig through walls and to a lower floor.
Your four strong arms can wield two-handed weapons with a shield.
You have a pair of large antennae on your head. (SInv)


Message History

You barely miss the ogre.
The ogre is heavily wounded.
You block the ogre's attack.
You hit the ogre.
The ogre is severely wounded.
The ogre closely misses you.
You riposte.
You barely miss the ogre.
The ogre is severely wounded.
You hit the ogre.
The ogre is almost dead.
The ogre hits you with a +0 giant club.
You barely miss the ogre.
The ogre is almost dead.
The ogre hits you with a +0 giant club!
You are too injured to fight recklessly!
You are too injured to fight recklessly!
You are too injured to fight recklessly!
You barely miss the ogre.
The ogre is almost dead.
The ogre hits you with a +0 giant club!!
You die...

#.# .. ##.### ... ### #....# #..#
### ##.####...## .....
#.####..##.....# #.....
#....#........####....#.
..))...........#oo......
...##.........##O#
.).##..........#@# ...
...##............# ......
)####.#..........# #......
..#......#....##.# #..... .##
.........>.......######...# ...#
.......#.(................##....#
.......#........#................
.......###..................[....
..#...## #.##.........†.....#....


You could see an ogre and 2 orcs.

Vanquished Creatures
  Grinder (D:4)
  An ice beast (D:3)
  An ogre (D:5)
  2 scorpions (D:5)
  A centaur zombie (D:5)
  An orc wizard (D:5)
  A hound (D:4)
  Terence (D:3)
  A worker ant (D:5)
  Robin (D:3)
  7 gnolls (D:4)
  5 adders
  7 orcs
  A ball python (D:1)
  3 bats (D:2)
  2 giant cockroaches
  10 hobgoblins
  7 jackals
  3 kobolds
  2 quokkas
  2 frilled lizards
  9 goblins
  2 leopard gecko skeletons (D:4)
  A quokka skeleton (D:5)
  5 rats
77 creatures vanquished.

Vanquished Creatures (others)
  An orc (D:5)
1 creature vanquished.

Grand Total: 78 creatures vanquished

Notes
Turn   | Place    | Note
-------+----------+-------------------------------------------
     0 | D:1      | Kejsarherre the Formicid Fighter began the quest for the
                  | Orb.
     0 | D:1      | Reached XP level 1. HP: 18/18 MP: 1/1
    98 | D:1      | Reached skill level 4 in Shields
   106 | D:1      | Reached XP level 2. HP: 24/24 MP: 2/2
   194 | D:2      | Reached XP level 3. HP: 29/29 MP: 3/3
   272 | D:3      | Noticed an orc warrior
   280 | D:2      | Reached skill level 5 in Shields
   669 | D:3      | Noticed Terence
   684 | D:3      | Killed Terence
   685 | D:3      | Reached skill level 6 in Shields
   685 | D:3      | Reached XP level 4. HP: 35/35 MP: 4/4
   821 | D:4      | Noticed Robin
   855 | D:3      | Reached XP level 5. HP: 39/41 MP: 5/5
   856 | D:4      | Noticed an ice beast
   869 | D:3      | Killed Robin
  1017 | D:3      | Killed an ice beast
  1018 | D:3      | Reached skill level 7 in Shields
  1018 | D:3      | Reached XP level 6. HP: 19/47 MP: 6/6
  1223 | D:4      | Reached skill level 8 in Shields
  1505 | D:4      | Noticed Grinder
  1541 | D:4      | Killed Grinder
  1542 | D:4      | Reached skill level 9 in Shields
  1542 | D:4      | Reached XP level 7. HP: 5/54 MP: 7/7
  1823 | D:5      | Entered Level 5 of the Dungeon
  1914 | D:5      | Found a radiant altar of Vehumet.
  1970 | D:5      | Got a clouded turquoise ring
  1971 | D:5      | Identified the cursed ring "Doirad" {EV-4 Dex+3} (You found
                  | it on level 5 of the Dungeon)
  2000 | D:5      | Reached skill level 5 in Fighting
  2000 | D:5      | Reached XP level 8. HP: 36/62 MP: 8/8
  2145 | D:5      | Noticed Duvessa
  2155 | D:5      | Noticed Dowan
  2280 | D:4      | Slain by an ogre

Illustrated notes

Levels and vault maps discovered:
D:1:      psy_arrival_whirlpool, layout_rooms
D:2:      layout_basic, lemuel_zombie_altar_kikubaaqudgha,
          uniq_crazy_yiuf_cottage
D:3:      layout_loops_ring, kennysheep_small_spiral, uniq_terence, uniq_natasha
D:4:      layout_cave_pools, general_overflow_altar,
          gammafunk_temple_overflow_claw, serial_shops, shop,
          lightli_corner_chamber, uniq_grinder, uniq_robin, uniq_eustachio
D:5:      layout_rooms, fiery_altar_vehumet, nicolae_gozag_zags_fifth_avenue,
          lemuel_doored_altar, lemuel_temple_firewalk_b, uniq_duvessa

Skill      XL: |  1  2  3  4  5  6  7  8 |
---------------+-------------------------+-----
Shields        | 4 6 7 9 |  9.0
Fighting       | 4 5 |  5.1
Long Blades    | 3 4 |  4.0
Armour         | |  3.2

Action                   |  1- 3 |  4- 6 |  7- 9 || total
-------------------------+-------+-------+-------++-------
Melee: Long sword        |    75 |   178 |    68 ||   321
 Abil: Dig               |     2 |       |       ||     2
  Use: Potion            |       |     3 |       ||     3
       Scroll            |       |       |     3 ||     3
Armor: Scale mail        |    44 |    84 |    23 ||   151
Dodge: Dodged            |    24 |    82 |    15 ||   121
Block: Kite shield       |    46 |   127 |    27 ||   200
       Rpst.: Long sword |     5 |    29 |     6 ||    40
